Map: [ESL] Solaris

Players

SHIN - Winner!

  • Race: Zerg Zerg
  • Spawn Location: 7:00

Oliveira

  • Race: Terran Terran
  • Spawn Location: 1:00

Event: IEM Katowice 2024

VOD

Have the link to the VOD?

Description

Time

  • Played on: Feb. 10, 2024, 6:56 a.m.
  • Length: 20:04

All games in this series

Show
View Real Time Build Order
Export as new Build Order

SHIN Zerg - Winner!

Build Orders: Pool First 

Get SALT Encoding   

  12  0:00  Drone  
  13  0:12  Overlord  
  13  0:16  Drone  
  14  0:30  Drone x2  
  16  0:40  Spawning Pool  
  15  0:44  Drone  
  15  0:47  Drone  
  17  1:08  Hatchery  
  17  1:10  Drone  
  17  1:26  Zergling x4  
  17  1:28  Zergling x2  
  17  1:30  Queen  
  22  1:40  Overlord  
  22  1:58  Drone  
  22  2:00  Drone  
  24  2:01  Extractor  
  24  2:05  Queen  
  25  2:11  Drone  
  26  2:19  Queen  
  26  2:21  Drone x2  
  30  2:32  Drone, Overlord  
  31  2:38  Drone  
  31  2:39  Drone x2  
  31  2:41  Drone  
  35  2:45  Drone  
  38  2:52  Drone  
  38  2:55  Hatchery  
  38  2:58  Drone  
  37  3:03  Drone  
  38  3:07  Drone  
  38  3:10  Queen  
  41  3:14  Metabolic Boost  
  41  3:18  Overlord  
  41  3:22  Drone  
  41  3:24  Drone  
  41  3:25  Drone  
  44  3:29  Overlord  
  44  3:36  Queen  
  44  3:37  Drone x2  
  44  3:40  Drone  
  49  3:41  Drone  
  49  3:44  Drone  
  49  3:45  Drone  
  49  3:47  Drone  
  53  3:49  Zergling x2  
  53  3:50  Zergling x2  
  53  3:53  Overlord  
  55  3:55  Drone  
  55  4:00  Queen  
  55  4:01  Drone  
  59  4:07  Drone  
  59  4:08  Queen  
  62  4:10  Drone  
  62  4:11  Drone  
  62  4:15  Queen  
  67  4:17  Drone  
  67  4:18  Drone  
  67  4:21  Overlord  
  67  4:23  Drone  
  70  4:24  Drone  
  70  4:25  Drone  
  70  4:29  Drone  
  70  4:30  Drone  
  73  4:32  Spore Crawler  
  73  4:34  Spore Crawler  
  73  4:36  Zergling x2  
  73  4:38  Overlord  
  72  4:40  Drone  
  72  4:41  Drone  
  72  4:44  Drone x4  
  78  4:46  Spore Crawler  
  78  4:49  Zergling x6  
  80  4:55  Lair  
  80  4:56  Drone x3  
  80  4:58  Drone x2  
  85  5:03  Drone x2, Extractor  
  85  5:04  Drone  
  87  5:10  Queen  
  87  5:13  Drone  
  87  5:14  Overlord  
  90  5:15  Overlord  
  90  5:19  Drone x6  
  84  5:25  Drone x4  
  84  5:28  Drone  
  86  5:32  Drone, Evolution Chamber  
  86  5:33  Evolution Chamber  
  85  5:37  Drone  
  85  5:41  Drone  
  85  5:42  Drone  
  88  5:45  Drone  
  88  5:47  Drone x2  
  88  5:48  Hatchery  
  90  5:54  Drone x3, Extractor  
  90  5:55  Overseer  
  90  5:56  Extractor  
  91  5:58  Baneling Nest  
  91  5:59  Zerg Ground Armor Level 1  
  91  6:01  Zerg Melee Weapons Level 1  
  91  6:04  Zergling x6  
  92  6:06  Overlord  
  92  6:07  Drone  
  92  6:09  Extractor, Overlord  
  92  6:13  Overlord x2  
  92  6:15  Drone  
  92  6:16  Drone  
  92  6:17  Drone  
  94  6:21  Zergling x8  
  94  6:25  Zergling x6  
  101  6:27  Overlord  
  101  6:29  Zergling x4  
  102  6:34  Overseer  
  102  6:35  Zergling x6  
  105  6:42  Centrifugal Hooks, Hydralisk Den  
  105  6:44  Zergling x12  
  105  6:45  Baneling x2  
  110  6:51  Overlord  
  110  6:54  Zergling x8  
  114  7:02  Baneling  
  114  7:03  Baneling x3  
  114  7:05  Drone x6  
  120  7:08  Baneling x3  
  120  7:09  Baneling x3  
  120  7:11  Grooved Spines  
  120  7:12  Hydralisk  
  120  7:13  Zergling x8  
  123  7:25  Drone x7  
  123  7:28  Hydralisk x4  
  133  7:34  Hatchery  
  133  7:36  Zergling x2  
  133  7:37  Zergling x6  
  136  7:41  Zergling x10  
  141  7:48  Zergling x8  
  136  7:53  Zergling x10  
  136  7:56  Drone x5  
  145  7:59  Zerg Melee Weapons Level 2  
  145  8:01  Zerg Ground Armor Level 2  
  145  8:04  Overlord  
  145  8:07  Overlord  
  145  8:08  Baneling x8  
  144  8:16  Muscular Augments  
  144  8:22  Extractor, Drone x3  
  144  8:23  Zergling x22  
  157  8:28  Baneling x7  
  157  8:32  Zergling x6  
  158  8:41  Zergling x4, Hydralisk  
  156  8:43  Overlord x4  
  156  8:46  Overlord  
  153  8:48  Overlord  
  153  8:50  Baneling x6, Hatchery  
  153  8:51  Baneling x5  
  152  8:56  Zergling x2, Hydralisk  
  152  8:57  Zergling x8  
  159  9:03  Zergling x8  
  159  9:04  Baneling x6  
  160  9:11  Zergling x6  
  160  9:14  Hydralisk  
  160  9:15  Zergling x2  
  164  9:20  Hydralisk  
  166  9:25  Zergling x10  
  166  9:27  Hydralisk x3  
  170  9:34  Hydralisk x5  
  180  9:40  Zergling x6  
  180  9:41  Zergling x2  
  180  9:42  Baneling  
  180  9:43  Baneling x5  
  184  9:52  Zergling x14  
  188  9:56  Infestation Pit  
  188  9:58  Hydralisk  
  188  9:59  Zergling x10  
  191  10:02  Baneling x5  
  181  10:07  Zergling x14  
  181  10:11  Zergling x4  
  181  10:13  Unknown  
  175  10:15  Baneling  
  175  10:17  Hydralisk x3  
  175  10:20  Zergling x2  
  182  10:25  Hydralisk x4  
  182  10:26  Zergling x4  
  192  10:30  Zergling x8  
  196  10:38  Hydralisk  
  196  10:39  Zergling x6  
  196  10:43  Baneling  
  196  10:44  Zergling x2  
  196  10:45  Zergling x6  
  199  10:52  Zergling x2  
  199  10:55  Baneling x9  
  198  10:59  Zergling x2  
  198  11:00  Zergling x2  
  198  11:02  Hive  
  198  11:03  Zerg Missile Weapons Level 1  
  199  11:06  Drone  
  199  11:09  Zergling x4  
  193  11:13  Zergling x26  
  183  11:21  Zergling x14  
  183  11:22  Drone  
  170  11:26  Zergling x8  
  170  11:32  Zergling x4  
  169  11:35  Overseer, Baneling x24  
  169  11:36  Pneumatized Carapace  
  169  11:37  Zergling x6  
  168  11:41  Hatchery  
  168  11:44  Zergling x10  
  168  11:46  Overseer  
  172  11:47  Baneling  
  172  11:48  Baneling  
  172  11:49  Baneling x15  
  172  11:53  Drone x9  
  175  11:56  Zergling x2  
  175  11:57  Overseer  
  175  12:00  Baneling x3  
  171  12:01  Zergling x10  
  176  12:10  Zergling x18  
  176  12:13  Baneling x10  
  181  12:18  Zergling x12  
  186  12:25  Overlord  
  186  12:26  Zerg Ground Armor Level 3  
  186  12:28  Zergling x10  
  186  12:33  Overlord  
  186  12:35  Viper  
  186  12:36  Viper  
  190  12:39  Overlord  
  190  12:46  Zergling x22  
  193  12:55  Infestor, Drone x2  
  193  12:56  Drone x2  
  193  12:58  Zergling x2, Zerg Melee Weapons Level 3  
  200  13:03  Baneling x9  
  195  13:22  Zergling x16  
  195  13:24  Zergling x4  
  192  13:27  Zergling x14  
  192  13:28  Zergling x2  
  192  13:32  Overlord x2  
  195  13:39  Zergling x4  
  195  13:40  Baneling x15  
  195  13:41  Zergling x16  
  187  13:43  Zergling x16  
  187  13:46  Zergling x6  
  177  13:50  Hydralisk x2  
  176  14:00  Viper  
  176  14:01  Viper x2  
  185  14:06  Zergling x10  
  185  14:09  Hatchery  
  189  14:12  Zergling x4  
  190  14:18  Zergling x2  
  190  14:19  Zergling x8  
  190  14:24  Zergling x4  
  190  14:31  Zergling x4  
  190  14:34  Baneling x9  
  183  14:38  Zergling x2  
  183  14:39  Zergling x6  
  183  14:42  Zergling x2  
  183  14:43  Zergling x16  
  175  14:47  Zergling x8  
  178  14:53  Zergling x4  
  178  14:59  Zergling x2  
  179  15:00  Zergling x2  
  179  15:01  Hydralisk  
  165  15:07  Zergling x2  
  165  15:09  Zergling x4  
  165  15:12  Hydralisk  
  165  15:13  Hydralisk  
  133  15:14  Zergling x2, Hydralisk  
  133  15:15  Zergling x2  
  133  15:18  Hydralisk  
  130  15:21  Hydralisk  
  130  15:23  Hydralisk  
  128  15:29  Hydralisk x2  
  128  15:33  Hydralisk x2  
  134  15:37  Hydralisk  
  134  15:40  Overlord  
  132  15:42  Overlord  
  132  15:44  Zergling x4  
  132  15:46  Zergling x4, Hatchery  
  133  15:51  Zergling x2, Overseer  
  125  15:59  Zergling x8  
  119  16:08  Zergling x4, Hydralisk Den  
  119  16:09  Zergling x2  
  119  16:10  Zergling x2  
  122  16:12  Adrenal Glands  
  122  16:13  Ultralisk Cavern  
  122  16:17  Zergling x6  
  122  16:18  Zergling x2  
  125  16:20  Zergling x2  
  125  16:23  Zergling x4  
  128  16:31  Viper  
  127  16:33  Viper  
  127  16:38  Hydralisk  
  131  16:40  Hydralisk x2  
  131  16:46  Hydralisk  
  128  16:47  Zergling x4  
  128  16:48  Overseer  
  132  17:00  Baneling Nest, Ultralisk x2  
  142  17:05  Chitinous Plating  
  142  17:12  Zergling x14  
  142  17:15  Unknown  
  148  17:19  Ultralisk  
  154  17:28  Zergling x14  
  157  17:43  Baneling x10  
  157  17:44  Baneling  
  157  17:47  Zergling x10  
  157  17:49  Hatchery  
  161  17:53  Zergling x10  
  166  18:00  Zergling x4  
  166  18:01  Overlord  
  166  18:02  Baneling  
  166  18:03  Baneling x7  
  166  18:06  Overlord  
  166  18:07  Zergling x2  
  156  18:15  Ultralisk  
  150  18:24  Anabolic Synthesis  
  150  18:26  Zergling x10  
  148  18:27  Zergling x2  
  148  18:28  Zergling x2  
  148  18:30  Zergling x2  
  148  18:31  Zergling x2  
  146  18:36  Zergling x6  
  146  18:37  Zergling x2  
  146  18:40  Zergling x2  
  146  18:41  Zergling x4  
  152  18:42  Zergling x2  
  152  18:45  Zergling x4  
  152  18:47  Zergling x2  
  152  18:48  Zergling x2, Overseer  
  147  18:50  Overseer  
  147  18:53  Zergling x4  
  147  18:55  Zergling x2  
  150  18:59  Zergling x4  
  150  19:00  Zergling x2  
  147  19:03  Zergling x6  
  147  19:08  Zergling x6  
  134  19:11  Zergling x2  
  132  19:19  Viper  
  132  19:20  Zergling x2  
  132  19:21  Zergling x8  
  132  19:22  Zergling x2  
  139  19:24  Zergling x2  
  139  19:26  Zergling x2  
  139  19:29  Zergling x2  
  139  19:31  Zergling x2  
  141  19:34  Zergling x2  
  141  19:35  Zergling x2  
  141  19:36  Zergling x2  
  141  19:38  Zergling x2  
  145  19:42  Zergling x2, Drone  
Show
View Real Time Build Order
Export as new Build Order

Oliveira Terran 

Build Orders: Reaper Expand, Hellion Banshee 

Get SALT Encoding   

  12  0:00  SCV  
  13  0:12  SCV  
  14  0:18  Supply Depot  
  14  0:24  SCV  
  15  0:39  SCV  
  15  0:41  Barracks  
  16  0:44  Refinery  
  16  0:52  SCV  
  17  1:04  SCV  
  18  1:16  SCV  
  19  1:29  Orbital Command, Reaper  
  20  1:42  Command Center  
  20  1:55  SCV, Supply Depot  
  20  2:01  Marine  
  21  2:07  SCV  
  23  2:18  Factory  
  23  2:19  SCV  
  23  2:20  Refinery  
  24  2:22  Barracks Reactor  
  24  2:31  SCV  
  25  2:43  SCV  
  26  2:54  Orbital Command  
  26  2:55  SCV  
  27  3:04  Starport  
  27  3:08  Hellion x2, SCV  
  27  3:10  Barracks Tech Lab  
  32  3:20  SCV x2  
  34  3:29  Hellion  
  34  3:30  Hellion  
  38  3:35  Supply Depot  
  38  3:36  SCV x2  
  40  3:46  Banshee, Cloaking Field  
  43  3:51  Hellion  
  43  3:53  SCV  
  46  3:56  SCV  
  46  3:57  Hellion  
  46  3:58  Barracks Tech Lab  
  46  3:59  Supply Depot  
  49  4:07  SCV  
  49  4:09  SCV  
  51  4:12  Command Center  
  51  4:19  SCV  
  51  4:22  SCV  
  53  4:29  Banshee  
  53  4:30  Factory Reactor  
  53  4:31  Supply Depot  
  56  4:32  SCV  
  56  4:37  SCV  
  58  4:40  Barracks x2, Stimpack  
  58  4:44  SCV  
  59  4:49  Supply Depot, SCV, Marine  
  61  4:56  SCV  
  62  5:00  Engineering Bay x2  
  62  5:01  SCV  
  63  5:07  Refinery  
  63  5:08  SCV  
  63  5:13  SCV  
  65  5:14  Factory Reactor  
  65  5:21  SCV  
  62  5:22  Starport Reactor  
  62  5:26  SCV  
  54  5:28  Barracks  
  54  5:29  Barracks, Orbital Command  
  54  5:31  Refinery  
  54  5:33  SCV  
  54  5:34  Terran Infantry Weapons Level 1, Terran Infantry Armor Level 1  
  55  5:38  SCV  
  55  5:39  Marine x2  
  55  5:41  Marine  
  59  5:42  Marine  
  59  5:47  SCV  
  59  5:49  Marine  
  62  5:51  SCV  
  62  5:53  Widow Mine x2  
  62  5:54  Orbital Command  
  67  5:58  Supply Depot, Marine  
  67  5:59  Marine  
  67  6:00  Supply Depot  
  67  6:02  Orbital Command, Medivac  
  67  6:03  Medivac  
  67  6:04  Marine x2  
  73  6:07  SCV  
  73  6:08  SCV  
  77  6:12  Marine  
  77  6:16  Marine  
  77  6:17  Barracks Reactor x2  
  79  6:19  Widow Mine x2, Marine, SCV  
  79  6:21  SCV  
  79  6:23  Marine  
  84  6:26  Marine  
  84  6:27  SCV  
  84  6:30  Marine  
  84  6:31  Combat Shield  
  84  6:32  SCV  
  85  6:33  SCV  
  85  6:34  Marine  
  85  6:36  Marine  
  85  6:38  Medivac x2  
  85  6:39  SCV  
  93  6:42  Supply Depot  
  93  6:43  Marine  
  93  6:44  SCV  
  93  6:45  Widow Mine x2  
  93  6:46  SCV  
  100  6:49  Refinery  
  100  6:51  SCV  
  100  6:52  Supply Depot  
  100  6:53  Marine  
  103  6:56  SCV  
  103  6:58  Marine  
  103  6:59  Marine x3  
  107  7:03  Armory, SCV  
  107  7:04  SCV  
  107  7:08  SCV  
  110  7:10  Marine, Supply Depot  
  110  7:11  Marine  
  110  7:15  Supply Depot, SCV, Marine x2  
  115  7:17  Widow Mine x2  
  115  7:19  Medivac  
  121  7:23  Marine x2  
  121  7:25  SCV  
  121  7:27  Marine x2  
  121  7:28  Marine  
  122  7:30  Marine  
  122  7:32  SCV, Marine  
  122  7:34  Marine  
  126  7:39  Supply Depot  
  126  7:41  Marine  
  127  7:46  Marine  
  127  7:47  Marine  
  127  7:50  Marine  
  127  7:51  Marine x3  
  123  7:53  Marine  
  123  7:54  Factory, Widow Mine x2, Medivac x2  
  123  7:55  Marine  
  134  7:59  Terran Infantry Weapons Level 2  
  136  8:07  Terran Infantry Armor Level 2  
  136  8:08  Marine x2  
  136  8:13  Marine  
  136  8:16  Marine  
  136  8:17  Command Center  
  136  8:18  Widow Mine  
  140  8:20  Marine  
  140  8:24  Widow Mine, Marine  
  144  8:29  Supply Depot, Marine  
  144  8:35  Marine x3  
  144  8:41  Drilling Claws  
  144  8:43  Widow Mine  
  144  8:45  Barracks  
  144  8:46  Barracks  
  144  8:47  Marine x2  
  145  8:48  Barracks  
  145  8:49  Widow Mine  
  145  8:52  Marine, Widow Mine  
  145  8:53  Marine  
  145  8:54  Supply Depot  
  151  8:58  Marine x2  
  151  9:01  Medivac x2  
  157  9:07  Supply Depot x2  
  157  9:15  Marine x4  
  157  9:16  Widow Mine x2  
  162  9:18  Marine  
  162  9:20  Siege Tank  
  162  9:23  Terran Vehicle And Ship Armor Level 1, Marine  
  165  9:29  Marine  
  161  9:31  Marine  
  161  9:33  Marine x2  
  161  9:35  SCV x3  
  167  9:39  Widow Mine x2  
  167  9:41  Barracks Tech Lab x3  
  167  9:44  Marine  
  171  9:45  Marine  
  171  9:47  Marine  
  172  9:57  Marine x2  
  172  9:59  Siege Tank  
  164  10:01  Marine  
  164  10:02  Marine  
  164  10:04  Planetary Fortress  
  165  10:07  Marauder, Marine x2  
  165  10:12  Marine x2  
  165  10:14  Widow Mine x2  
  162  10:16  Medivac  
  162  10:18  Terran Infantry Weapons Level 3, Marine  
  162  10:19  Marine  
  162  10:20  SCV  
  162  10:21  SCV  
  168  10:24  Sensor Tower  
  168  10:27  Marine  
  168  10:28  SCV  
  168  10:33  SCV x2  
  168  10:34  Marine x2  
  168  10:35  Siege Tank, Marauder x2  
  174  10:40  SCV  
  174  10:41  Widow Mine x2  
  168  10:43  Marine x2  
  168  10:45  SCV  
  168  10:48  Marine x2, SCV  
  174  10:52  Concussive Shells, Marauder  
  174  10:53  Marine  
  174  10:55  SCV  
  178  11:00  Marine x2  
  178  11:01  Marauder  
  178  11:03  SCV x2  
  184  11:05  Liberator x2  
  182  11:13  SCV  
  147  11:30  Command Center  
  144  11:32  Supply Depot  
  144  11:34  Supply Depot  
  144  11:41  Supply Depot  
  144  11:43  Supply Depot  
  144  11:44  Supply Depot  
  144  11:55  SCV  
  144  11:56  Medivac, Marauder x2  
  144  11:58  Medivac  
  144  12:00  Supply Depot x2  
  149  12:02  Marine x9  
  149  12:03  Siege Tank, Marauder, Widow Mine  
  149  12:04  Widow Mine  
  167  12:13  SCV  
  168  12:16  Marine x2  
  168  12:20  Marine x6  
  168  12:21  Marauder  
  168  12:22  SCV  
  177  12:24  Marauder  
  177  12:28  Marine  
  177  12:29  SCV  
  178  12:34  Command Center  
  178  12:35  SCV, Marauder  
  178  12:38  Marine x3  
  178  12:42  Orbital Command  
  178  12:43  Marine  
  180  12:47  SCV  
  180  12:48  SCV x2  
  180  12:50  Marine x2  
  180  12:51  Siege Tank, Marauder  
  176  12:53  Widow Mine  
  176  12:54  Widow Mine  
  176  12:55  Marine  
  183  12:59  SCV  
  178  13:05  Marine  
  178  13:06  Marine  
  178  13:07  Marine  
  178  13:11  Marine  
  178  13:12  Marine  
  182  13:15  Marine, SCV x4  
  182  13:16  Marine  
  182  13:19  Medivac x2  
  190  13:25  Marine x2  
  176  13:27  Marine  
  176  13:32  Marine x2  
  173  13:39  Marauder  
  165  13:49  Marine x3  
  165  13:50  Marauder x2  
  164  14:01  Supply Depot x2  
  164  14:02  Marine x2  
  166  14:05  Marine  
  166  14:09  Marine  
  168  14:10  Marine x2  
  168  14:11  Command Center  
  170  14:21  Marine  
  167  14:28  Marine  
  167  14:30  Orbital Command  
  167  14:31  Marauder, Marine x3  
  158  14:42  Marine  
  158  14:43  Marine x2  
  158  14:44  Marauder  
  158  14:45  Marine x2  
  130  14:46  Marine x2  
  130  14:50  Marine x2  
  134  14:54  Marine  
  134  14:59  Marine  
  136  15:00  Marine  
  136  15:01  Marine x2  
  136  15:02  SCV x2  
  130  15:07  Marine  
  130  15:12  Marine  
  130  15:13  Marine  
  99  15:19  Marine  
  99  15:20  Medivac  
  87  15:25  Marine  
  87  15:28  Marine  
  89  15:29  Marine  
  89  15:32  Marine  
  89  15:33  Marine  
  92  15:36  Marine  
  92  15:39  Medivac  
  95  15:45  Marine  
  95  15:48  Marine  
  97  15:56  Marine  
  87  15:58  Marine x2  
  87  16:01  Marine x2  
  87  16:03  Marine x2  
  70  16:06  Marine  
  70  16:07  Marine  
  70  16:08  Medivac  
  69  16:11  SCV x2  
  69  16:12  Marine  
  69  16:14  Marine x2  
  69  16:15  Marine  
  69  16:16  Siege Tank  
  69  16:17  Marine x2  
  78  16:21  Marine  
  78  16:23  Marine  
  78  16:24  Marine  
  81  16:26  Medivac  
  81  16:27  SCV, Marine  
  81  16:29  SCV  
  82  16:34  Marine  
  82  16:35  Marine  
  82  16:39  SCV  
  85  16:41  SCV, Marine  
  85  16:42  Marine  
  85  16:43  Orbital Command, Marine  
  85  16:44  Marine x2  
  87  16:47  Marine  
  89  16:54  Marine  
  89  16:57  Marine  
  90  17:05  Marine x3  
  93  17:09  Marine  
  93  17:11  Marine  
  93  17:14  Marine  
  96  17:20  Bunker  
  96  17:21  Marine  
  97  17:24  SCV  
  98  17:33  Siege Tank, Marine x2  
  98  17:34  Marine  
  98  17:36  SCV  
  105  17:38  Marine  
  105  17:40  Marine  
  105  17:43  Marine x2  
  109  17:45  Marine  
  109  17:49  Marine  
  111  17:53  Marine x4  
  113  17:58  Marine  
  113  18:00  Widow Mine x2  
  113  18:03  Marauder x2  
  122  18:07  Marauder  
  113  18:15  Marauder, Marine x2  
  113  18:16  Siege Tank  
  115  18:24  Marauder  
  115  18:25  Marine x3  
  115  18:26  Marauder  
  108  18:28  Marine  
  108  18:30  Marine x2  
  108  18:31  Marine  
  73  18:37  Marine  
  55  18:48  Marine  
  50  18:57  Marine  

Tags
 
Add a new tag
Caveats
  • Supply blocks, unpowered buildings, or Contaminate may cause inaccurate times.
  • Supply counts are checked every 10 seconds.